 Dungeon Crawl Stone Soup version 0.17-a0-1863-g715b4b0 (webtiles) character file.

44 Goblin1989 the Poker (level 3, -7/30 HPs)
             Began as a Minotaur Gladiator on Sept 21, 2015.
             Mangled by a gnoll
             ... wielding a +0 halberd
              (8 damage)
             ... on level 2 of the Dungeon.
             The game lasted 00:03:31 (1163 turns).

Goblin1989 the Poker (Minotaur Gladiator)           Turns: 1163, Time: 00:03:31

Health: -7/30      AC:  6    Str: 19    XL:     3   Next: 41%
Magic:  2/2        EV: 11    Int:  5    God:
Gold:   18         SH:  0    Dex: 11    Spells: 0 memorised, 2 levels left

rFire  . . .     SeeInvis .     a - +0 trident
rCold  . . .     Clarity  .     n - +0 ring mail
rNeg   . . .     SustAt   .     (no shield)
rPois  .         Gourm    .     c - +0 hat
rElec  .         Spirit   .     (no cloak)
rCorr  .         Warding  .     (no gloves)
rMut   .         Stasis   .     m - +0 pair of boots
MR     .....                    (no amulet)
Stlth  +.........               (no ring)
                                (no ring)

@: slowed, very slow, not resistant to hostile enchantments, very unstealthy
A: retaliatory headbutt, horns 2
a: no special abilities


You were on level 2 of the Dungeon.
You were not hungry.

You visited 1 branch of the dungeon, and saw 2 of its levels.

You collected 18 gold pieces.

Inventory:

Hand weapons
 a - a +0 trident (weapon)
Missiles
 d - 3 throwing nets (quivered)
Armour
 c - a +0 hat (worn)
 m - a +0 pair of boots (worn)
 n - a +0 ring mail (worn)
Scrolls
 g - 5 scrolls of identify {unknown}
 j - a scroll of teleportation {unknown}
 l - a scroll of noise {unknown}
Potions
 f - a potion of magic {unknown}
 h - a potion of agility {unknown}
 i - a potion of lignification {unknown}
 k - a potion of heal wounds {unknown}
Comestibles
 b - 2 chunks of flesh
 e - 3 bread rations


   Skills:
 - Level 2.4 Fighting
 + Level 5.4 Polearms
 - Level 2.0 Throwing
 - Level 3.2 Dodging


You had 2 spell levels left.
You didn't know any spells.

Dungeon Overview and Level Annotations

Branches:
Dungeon (2/15)

Altars:
Cheibriados


Innate Abilities, Weirdness & Mutations

You reflexively headbutt those who attack you in melee.
You have a pair of horns on your head.


Message History

The hobgoblin zaps a wand.
You resist with significant effort. The gnoll misses you.
The hobgoblin zaps a wand.
You resist with significant effort. The gnoll closely misses you.
The hobgoblin zaps a wand.
You feel as though you will be slow longer.
The hobgoblin zaps a wand.
You resist with significant effort.
The hobgoblin zaps a wand.
You resist with significant effort.
The gnoll hits you from afar with a halberd.
* * * LOW HITPOINT WARNING * * *
You closely miss the hobgoblin.
The hobgoblin zaps a wand.
You resist with significant effort.
The gnoll hits you from afar with a halberd!
* * * LOW HITPOINT WARNING * * *
The hobgoblin misses you.
You puncture the hobgoblin!
You kill the hobgoblin!
The gnoll barely misses you.
Unknown command.
The gnoll hits you with a halberd!
You die...

####+#### #.......# #....?.$###
###### ######.......#.. .....#
#.g@.........#.# .....#
#'###........#.# .^...#
#.)†).#'.......#.# .....#
#.....##.......#.# .....#
#.._..#.....<....# .....#
#.....#########..#
.....#############.......#..#.#
.....'........)..............>#
.....###.######.##.#######..#.#


You could see a gnoll.

Vanquished Creatures
  A gnoll (D:2)
  An ooze (D:1)
  2 giant geckos
  A ball python (D:1)
  2 bats (D:1)
  4 hobgoblins
  4 giant newts
  6 goblins
  4 jackals (D:2)
  A kobold (D:1)
  2 rats (D:1)
28 creatures vanquished.

Notes
Turn   | Place    | Note
--------------------------------------------------------------
     0 | D:1      | Goblin1989 the Minotaur Gladiator began the quest for the Orb.
     0 | D:1      | Reached XP level 1. HP: 18/18 MP: 0/0
    78 | D:1      | Reached skill level 4 in Polearms
    78 | D:1      | Reached XP level 2. HP: 25/25 MP: 1/1
  1040 | D:2      | Reached skill level 5 in Polearms
  1045 | D:2      | Reached XP level 3. HP: 28/30 MP: 2/2
  1149 | D:2      | Found a snail-covered altar of Cheibriados.
  1161 | D:2      | HP: 1/30 [gnoll/halberd (8)]
  1163 | D:2      | Mangled by a gnoll

Vault maps used:
D:1:      saegor_arrival_simple_c, interstate_on_off
D:2:      first_bread, cheibriados_altar_wand_db

Action                   || total
-------------------------++-------
Melee: Trident           ||    62
 Stab: Sleeping          ||     1
  Eat: Chunk             ||     1
